 Dungeon Crawl Stone Soup version 0.22-a0-369-gc73351f (webtiles) character file.

5000 Amnesiac the Archer (level 10, -4/73 HPs)
             Began as a Mummy Fighter on Apr 24, 2018.
             Was an Elder of Okawaru.
             Killed from afar by a starcursed mass (5 damage)
             ... with an accursed screaming
             ... on level 1 of the Abyss.
             The game lasted 00:11:13 (8556 turns).

Amnesiac the Archer (Mummy Fighter)                 Turns: 8556, Time: 00:11:14

Health: -4/73      AC: 18    Str: 24    XL:     10   Next: 29%
Magic:  19/19      EV:  8    Int: 10    God:    Okawaru [****..]
Gold:   445        SH:  0    Dex: 11    Spells: 9/9 levels left

rFire    x . .     SeeInvis .   b - +0 scimitar
rCold    + . .     Gourm    .   (no shield)
rNeg     + + +     Faith    .   o - +0 plate armour
rPois    ∞         Spirit   .   q - +1 helmet {Int+3}
rElec    .         Reflect  .   (no cloak)
rCorr    .         Harm     .   m - +0 pair of gloves
MR       +....                  v - +2 pair of boots
Stlth    ..........             (no amulet)
HPRegen  0.22/turn              (no ring)
MPRegen  0.16/turn              k - ring of magical power

@: about to teleport
A: no food or potions, fire vulnerability, cold resistance 1, negative energy
resistance 3, torment resistance, unbreathing
a: Heroism, Renounce Religion


You were on level 1 of the Abyss.
You worshipped Okawaru.
Okawaru was greatly pleased with you.
You were not hungry.

You visited 2 branches of the dungeon, and saw 10 of its levels.
You visited the Abyss 1 time.

You collected 610 gold pieces.
You spent 165 gold pieces at shops.

Inventory:

Hand Weapons
 a - a +0 shortbow
 b - a +0 scimitar (weapon)
 h - a +1 long sword
 s - a +0 hunting sling
 x - a +1 dagger of venom
 z - a +1 dagger of draining
Missiles
 f - 167 sling bullets
 g - 163 stones (quivered)
 i - 161 arrows
Armour
 c - a +1 shield
 m - a +0 pair of gloves (worn)
 o - a +0 plate armour (worn)
 q - a +1 helmet of intelligence (worn)
 v - a +2 pair of boots (worn)
 E - a +2 ring mail of cold resistance
Jewellery
 j - an uncursed ring of teleportation
 k - a ring of magical power (right hand)
Wands
 t - a wand of random effects (51)
 w - a wand of flame (13)
 y - a wand of iceblast (7)
 D - a wand of acid (6)
Scrolls
 d - a scroll of enchant armour {!r}
 e - 5 scrolls of identify {!r}
 l - 2 scrolls of teleportation {!r}
 n - 4 scrolls of remove curse {!r}
 p - 2 scrolls of amnesia {!r}
 r - a scroll of fear {!r}
 u - 2 scrolls of immolation {!r}
 A - a scroll of fog {!r}
 B - a scroll of vulnerability {!r}
 C - a scroll of magic mapping {!r}


   Skills:
 - Level 4.4 Fighting
 - Level 2.0 Long Blades
 + Level 10.0 Bows
 - Level 4.5 Armour
 - Level 4.6 Dodging
 - Level 4.6 Shields


You had 9 spell levels left.
You didn't know any spells.

Dungeon Overview and Level Annotations

Branches:
Dungeon (9/15)             Temple (1/1) D:4
   Lair: D:8-11         Orc: D:9-12

Altars:
Ashenzari
Cheibriados
Dithmenos
Elyvilon
Fedhas
Gozag
Hepliaklqana
Kikubaaqudgha
Makhleb
Nemelex Xobeh
Okawaru
Qazlal
Ru
Sif Muna
Trog
Uskayaw
Vehumet
Wu Jian
Xom
Yredelemnul
Zin
The Shining One

Shops:
D:7 [

Annotations:
D:9 Erolcha


Innate Abilities, Weirdness & Mutations

You do not eat or drink.
Your flesh is vulnerable to fire.
You are immune to poison.
Your flesh is cold resistant. (rC+)
You are immune to negative energy. (rN+++)
You are immune to unholy pain and torment.
You can survive without breathing.


Message History

Your Bows skill increases to level 10!
i - 142 arrows (gained 1)
i - 143 arrows (gained 1)
i - 144 arrows (gained 1)
i - 145 arrows (gained 1)
i - 146 arrows (gained 1)
i - 148 arrows (gained 2)
i - 149 arrows (gained 1)
i - 157 arrows (gained 8)
Found 24 gold pieces.
i - 159 arrows (gained 2)
Found a gateway leading deeper into the Abyss.
l - 3 scrolls of teleportation {!r} (gained 1)
i - 160 arrows (gained 1)
i - 161 arrows (gained 1)
Found a scroll of remove curse.
You now have 445 gold pieces (gained 24).
n - 4 scrolls of remove curse {!r} (gained 1)
b - a +0 scimitar (weapon)
Found a runed ring mail.
Found a ration and a graven book.
An orange demon comes into view.
You see here a runed ring mail.
E - a runed ring mail An ufetubus comes into view.
The ufetubus shouts!
You hit the ufetubus but do no damage. The ufetubus closely misses you.
You riposte.
You hit the ufetubus but do no damage. The ufetubus hits you.
The ufetubus hits you but does no damage.
The ufetubus barely misses you.
There are no items here.
You hit the ufetubus but do no damage. The ufetubus closely misses you.
The ufetubus hits you but does no damage. x3
You slash the ufetubus!
You kill the ufetubus!
Okawaru accepts your kill.
You pick up Notwil's Papyrus of Unholy Rituals and begin reading...
You add the spells Vampiric Draining and Agony to your library.
Okay, then.
A small abomination comes into view.
A smoke demon comes into view.
A starcursed mass comes into view.
The smoke demon roars!
The starcursed mass shrieks in your mind.
The starcursed mass shrieks in your mind.
* * * LOW HITPOINT WARNING * * *
The smoke demon gestures at you. Something smites you!
* * * LOW HITPOINT WARNING * * *
A starcursed mass splits.
A chorus of shrieks assaults your mind.
* * * LOW HITPOINT WARNING * * *
Really read
l - 3 scrolls of teleportation {!r}?
As you read the scroll of teleportation {!r}, it crumbles to dust.
You feel strangely unstable.
You feel the power of the Abyss delaying your translocation!
The small abomination hits you!
* * * LOW HITPOINT WARNING * * *
A starcursed mass splits.
The smoke demon gestures at you. Something smites you!
* * * LOW HITPOINT WARNING * * *
A chorus of shrieks assaults your mind.
You die...

# .. .. ... #
. # # .##
.##.. .
.............
. ##.. ..#.#
#.. ##.. #...
. ....... ..
. #..
...#.#.......
. ..# .
#...... # #
## #.# ##.#
#.. #@# .. ##
#x# # #. #.#
.. #.# # #.#
#. #3# #. #X#
#.### #X#
#XX.3....#


You could see 2 starcursed masses, a smoke demon and a small abomination.

Vanquished Creatures
  2 two-headed ogres
  A thrashing horror (Abyss:1)
  A hippogriff (D:8)
  A neqoxec (Abyss:1)
  A porcupine (D:9)
  An ice beast (D:5)
  A black bear (D:9)
  2 phantoms
  2 ogres (D:6)
  The ghost of whitenoisemaker the Ruffian, an amateur DrTm (D:3)
  6 centaurs
  5 bullfrogs
  A wyvern skeleton (D:6)
  A howler monkey (D:5)
  5 crimson imps
  A centaur zombie (D:7)
  3 hounds
  3 jellies
  A bullfrog skeleton (D:7)
  3 orc priests
  5 orc wizards
  3 centaur skeletons
  5 iguanas
  4 worker ants
  A killer bee zombie (D:7)
  A hound zombie (D:7)
  A hound skeleton (D:5)
  A worker ant zombie (D:9)
  13 adders
  A shadow imp (D:5)
  An ufetubus (Abyss:1)
  An ooze (D:1)
  An adder zombie (D:6)
  An adder skeleton (D:8)
  2 worms
  2 dart slugs
  4 leopard geckos
  11 orcs
  A giant cockroach (D:3)
  6 goblins
  3 hobgoblins
  8 jackals
  8 quokkas
  8 bats
  2 frilled lizards
  8 kobolds
  A quokka skeleton (D:5)
  2 quokka zombies
  9 rats
  A spectral orc (D:6)
157 creatures vanquished.

Vanquished Creatures (others)
  A fungus (D:9)
1 creature vanquished.

Grand Total: 158 creatures vanquished

Notes
Turn   | Place    | Note
-------+----------+-------------------------------------------
     0 | D:1      | Amnesiac the Mummy Fighter began the quest for the Orb.
     0 | D:1      | Reached XP level 1. HP: 18/18 MP: 1/1
   238 | D:1      | Reached XP level 2. HP: 23/24 MP: 2/2
   259 | D:1      | Reached skill level 1 in Dodging
   831 | D:2      | Reached XP level 3. HP: 27/29 MP: 3/3
  1346 | D:3      | Reached XP level 4. HP: 33/35 MP: 4/4
  1348 | D:3      | Found a blossoming altar of Fedhas.
  1397 | D:3      | Noticed a bullfrog
  1403 | D:3      | Killed a bullfrog
  1403 | D:3      | Reached XP level 5. HP: 41/41 MP: 5/5
  1669 | D:3      | Noticed whitenoisemaker's ghost (amateur DrTm)
  1687 | D:4      | Found a staircase to the Ecumenical Temple.
  1698 | Temple   | Entered the Ecumenical Temple
  1942 | D:4      | Noticed a phantom
  1986 | D:4      | Killed a phantom
  1986 | D:4      | Reached XP level 6. HP: 31/47 MP: 6/6
  2254 | D:3      | Killed whitenoisemaker's ghost
  2799 | D:4      | Reached XP level 7. HP: 51/53 MP: 7/7
  2913 | D:5      | Entered Level 5 of the Dungeon
  3267 | D:5      | Found a shattered altar of Ashenzari.
  3419 | D:5      | Found an ancient bone altar of Kikubaaqudgha.
  3490 | D:5      | Found a hazy altar of Hepliaklqana.
  3490 | D:5      | Found an iron altar of Okawaru.
  3521 | D:5      | Became a worshipper of Warmaster Okawaru
  3868 | D:6      | Reached XP level 8. HP: 53/61 MP: 8/8
  3935 | D:6      | Reached skill level 1 in Bows
  4057 | D:6      | Reached skill level 2 in Bows
  4202 | D:6      | Reached * piety under Okawaru
  4202 | D:6      | Reached skill level 3 in Bows
  4562 | D:6      | Reached skill level 4 in Bows
  4744 | D:6      | Found a basalt altar of Yredelemnul.
  4917 | D:7      | Found a white marble altar of Elyvilon.
  5220 | D:7      | Reached skill level 5 in Bows
  5425 | D:7      | Found Beniereg's Armour Shoppe.
  5444 | D:7      | Bought a +1 helmet of intelligence for 165 gold pieces
  5698 | D:7      | Reached XP level 9. HP: 58/66 MP: 9/9
  6267 | D:8      | Reached skill level 6 in Bows
  6484 | D:8      | Noticed a two-headed ogre
  6676 | D:8      | Reached ** piety under Okawaru
  7110 | D:8      | Noticed a two-headed ogre
  7634 | D:8      | Reached skill level 7 in Bows
  8049 | D:8      | Killed a two-headed ogre
  8049 | D:8      | Reached skill level 8 in Bows
  8182 | D:9      | Killed a two-headed ogre
  8182 | D:9      | Reached *** piety under Okawaru
  8182 | D:9      | Reached skill level 9 in Bows
  8182 | D:9      | Reached XP level 10. HP: 41/73 MP: 10/10
  8394 | D:9      | Noticed Erolcha
  8395 | D:9      | Cast into level 1 of the Abyss (Erolcha)
  8402 | Abyss:1  | Noticed a thrashing horror
  8432 | Abyss:1  | Killed a thrashing horror
  8432 | Abyss:1  | Reached **** piety under Okawaru
  8432 | Abyss:1  | Reached skill level 10 in Bows
  8510 | Abyss:1  | Noticed an orange demon
  8523 | Abyss:1  | Identified Notwil's Papyrus of Unholy Rituals
  8542 | Abyss:1  | Noticed a smoke demon
  8542 | Abyss:1  | Noticed a starcursed mass
  8554 | Abyss:1  | HP: 1/73 [smoke demon/divine providence (9)]
  8556 | Abyss:1  | Killed from afar by a starcursed mass

Vault maps used:
D:1:      elethiomel_arrival_infinity_welcomes_careful_drivers,
          minmay_pentomino_x2
D:3:      fedhas_altar_2
D:4:      minmay_temple_entry_grid, first_ration, minmay_misc_feat_more_columns
D:5:      nicolae_overflow_hidden_temple, gammafunk_temple_overflow_wave,
          ashenzari_altar_1, portal_sewer_entry_d
D:6:      yredelemnul_forgotten_temple_becter, minmay_misc_feat_tower
D:7:      serial_shops, kennysheep_mini, basic_altar
D:9:      grunt_lair_entry_orc_guard_hut, zombieorc2_lemuel, glass_columns_a,
          grunt_pizzeria, uniq_erolcha
Temple:   minmay_crystal_spiral_temple

Skill      XL: |  1  2  3  4  5  6  7  8  9 10 |
---------------+-------------------------------+-----
Long Blades    | 2 |  2.0
Dodging        | 2 3 4 |  4.6
Armour         | 3 4 |  4.5
Shields        | 3 4 |  4.6
Fighting       | 4 |  4.4
Bows           | 5 9 10 | 10.0

Action                   |  1- 3 |  4- 6 |  7- 9 | 10-12 || total
-------------------------+-------+-------+-------+-------++-------
Melee: Long sword        |    87 |    20 |   252 |       ||   359
       Dagger            |    37 |   112 |   185 |       ||   334
       Scimitar          |       |       |   129 |     3 ||   132
 Fire: Hunting sling     |     4 |    50 |     8 |       ||    62
       Shortbow          |       |       |    44 |    43 ||    87
Invok: Heroism           |       |       |     2 |     1 ||     3
Evoke: Wand              |       |       |       |     2 ||     2
  Use: Scroll            |     3 |     2 |     8 |     1 ||    14
Armor: Scale mail        |    55 |       |       |       ||    55
       Chain mail        |     1 |    54 |     7 |       ||    62
       Plate armour      |       |       |   374 |    34 ||   408
Dodge: Dodged            |    36 |    37 |   173 |    22 ||   268
Block: Shield            |    79 |    77 |   392 |       ||   548
       Rpst.: Long sword |     7 |     2 |    18 |       ||    27
       Scimitar          |       |       |    14 |     1 ||    15

Table legend:
 A = Spawn XP
 B = Non-spawn XP
 C = Spawn XP percentage of total XP
 D = Spawn monster count
 E = Non-spawn monster count
 F = Spawn count percentage of total count
 G = Total turns spent on level
                    A         B        C        D         E        F      G
               +---------+---------+-------+---------+---------+-------+---------
         Total |    1020 |    6123 |  14.3 |       2 |     155 |   1.3 |  8556
               +---------+---------+-------+---------+---------+-------+---------
           D:1 |       0 |      32 |   0.0 |       0 |      16 |   0.0 |   635
           D:2 |       0 |      64 |   0.0 |       0 |      18 |   0.0 |   702
           D:3 |       0 |     399 |   0.0 |       0 |      28 |   0.0 |   813
           D:4 |       0 |     242 |   0.0 |       0 |       7 |   0.0 |   591
           D:5 |       0 |     569 |   0.0 |       0 |      22 |   0.0 |   917
           D:6 |       0 |     967 |   0.0 |       0 |      17 |   0.0 |  1074
           D:7 |       0 |     600 |   0.0 |       0 |      21 |   0.0 |  1675
           D:8 |       0 |    1840 |   0.0 |       0 |      17 |   0.0 |  1493
           D:9 |       0 |    1402 |   0.0 |       0 |       8 |   0.0 |   310
       Abyss:1 |    1020 |       8 |  99.2 |       2 |       1 |  66.7 |   161
               +---------+---------+-------+---------+---------+-------+---------
